3A
COLUMBIA RIVER RATS @ MANCELONA TORCH
05/03/2038
 
TOP OF THE 1ST
Columbia River Rats batting - Pitching for Mancelona Torch : RHP Lucas Gameiro
Pitching: RHP Lucas Gameiro
Batting: LHB Ji-e Loh 0-0: Ball
1-0: Called Strike
1-1: Foul Ball, location: 2F
1-2: Ball
2-2: Ball
3-2: Ground out U3 (Groundball, 34, EV 106.2 MPH)
Batting: RHB Tony Castellanos 0-0: Fly out, F8 (Flyball, 78XD, EV 108.8 MPH)
Batting: RHB Cédric Causse 0-0: Ball
1-0: Ball
2-0: Called Strike
2-1: DOUBLE (Groundball, 5L, EV 101.9 MPH)
Batting: RHB José García 0-0: Ball
1-0: Called Strike
1-1: Foul Ball, location: 2F
1-2: Ball
2-2: Foul Ball, location: 2F
2-2: Foul Ball, location: 2F
2-2: Ground out 1-3 (Groundball, 34S, EV 88.1 MPH)
Top of the 1st over - 0 runs, 1 hit, 0 errors, 1 left on base; Columbia 0 - Mancelona 0
BOTTOM OF THE 1ST
Mancelona Torch batting - Pitching for Columbia River Rats : LHP David Fuentes
Pitching: LHP David Fuentes
Batting: RHB Tristan Powell 0-0: Ball
1-0: Ball
2-0: Foul Ball, location: 2F
2-1: Ball
3-1: Foul Ball, location: 2F
3-2: Ground out 6-3 (Groundball, 6, EV 100.6 MPH)
Batting: RHB Thinley Tshering 0-0: Foul Ball, location: 2F
0-1: Called Strike
0-2: Strikes out swinging
Batting: RHB Cam Lumsden 0-0: Ball
1-0: Called Strike
1-1: SINGLE (Groundball, 56D, EV 98.8 MPH)
Batting: LHB Diego Alejandro Ureña 0-0: Ball
1-0: Swinging Strike
1-1: Foul Ball, location: 2F
1-2: Foul Ball, location: 2F
1-2: Strikes out swinging
Bottom of the 1st over - 0 runs, 1 hit, 0 errors, 1 left on base; Columbia 0 - Mancelona 0
TOP OF THE 2ND
Columbia River Rats batting - Pitching for Mancelona Torch : RHP Lucas Gameiro
Batting: RHB Cleveland Kraut 0-0: Called Strike
0-1: Ground out 6-3 (Groundball, 6, EV 110.0 MPH)
Batting: RHB Pu-feng Zhou 0-0: Foul Ball, location: 2F
0-1: Called Strike
0-2: Ground out 1-3 (Groundball, 34S, EV 76.2 MPH)
Batting: SHB Dean Barthorpe 0-0: Called Strike
0-1: Ball
1-1: Ball
2-1: Ball
3-1: Called Strike
3-2: Strikes out swinging
Top of the 2nd over - 0 runs, 0 hits, 0 errors, 0 left on base; Columbia 0 - Mancelona 0
BOTTOM OF THE 2ND
Mancelona Torch batting - Pitching for Columbia River Rats : LHP David Fuentes
Batting: SHB Silvio Capitanio 0-0: Called Strike
0-1: Ground out 5-3 (Groundball, 5, EV 82.5 MPH)
Batting: RHB Juan Barrón 0-0: Called Strike
0-1: Fly out, F8 (Flyball, 8LD, EV 80.0 MPH)
Batting: RHB Joe Havermeyer 0-0: Swinging Strike
0-1: Called Strike
0-2: Ground out 5-3 (Groundball, 56, EV 85.6 MPH)
Bottom of the 2nd over - 0 runs, 0 hits, 0 errors, 0 left on base; Columbia 0 - Mancelona 0
TOP OF THE 3RD
Columbia River Rats batting - Pitching for Mancelona Torch : RHP Lucas Gameiro
Batting: SHB Christian Payne 0-0: Called Strike
0-1: Ball
1-1: Foul Ball, location: 2F
1-2: Foul Ball, location: 2F
1-2: Foul Ball, location: 2F
1-2: Ball
2-2: Strikes out looking
Batting: LHB Ramón Fernández 0-0: Called Strike
0-1: Ball
1-1: Swinging Strike
1-2: Ball
2-2: Foul Ball, location: 2F
2-2: Ground out U3 (Groundball, 3L, EV 93.8 MPH)
Batting: LHB Ji-e Loh 0-0: Ball
1-0: Called Strike
1-1: Foul Ball, location: 2F
1-2: Strikes out looking
Top of the 3rd over - 0 runs, 0 hits, 0 errors, 0 left on base; Columbia 0 - Mancelona 0
BOTTOM OF THE 3RD
Mancelona Torch batting - Pitching for Columbia River Rats : LHP David Fuentes
Batting: SHB César Enríques 0-0: Ball
1-0: Fly out, F7 (Flyball, 7LS, EV 88.8 MPH)
Batting: LHB Jared Schneider 0-0: Called Strike
0-1: Swinging Strike
0-2: Ball
1-2: Strikes out swinging
Batting: RHB Tristan Powell 0-0: Ground out U3 (Groundball, 3, EV 96.9 MPH)
Bottom of the 3rd over - 0 runs, 0 hits, 0 errors, 0 left on base; Columbia 0 - Mancelona 0
TOP OF THE 4TH
Columbia River Rats batting - Pitching for Mancelona Torch : RHP Lucas Gameiro
Batting: RHB Tony Castellanos 0-0: Called Strike
0-1: Ball
1-1: Called Strike
1-2: Ball
2-2: Strikes out swinging
Batting: RHB Cédric Causse 0-0: Called Strike
0-1: Swinging Strike
0-2: Ground out 3-1 (Groundball, 34, EV 82.5 MPH)
Batting: RHB José García 0-0: Ball
1-0: Ground out 5-3 (Groundball, 56, EV 94.4 MPH)
Top of the 4th over - 0 runs, 0 hits, 0 errors, 0 left on base; Columbia 0 - Mancelona 0
BOTTOM OF THE 4TH
Mancelona Torch batting - Pitching for Columbia River Rats : LHP David Fuentes
Batting: RHB Thinley Tshering 0-0: Ball
1-0: Ball
2-0: Ball
3-0: Foul Ball, location: 2F
3-1: Foul Ball, location: 2F
3-2: Strikes out swinging
Batting: RHB Cam Lumsden 0-0: Ball
1-0: Foul Ball, location: 2F
1-1: Swinging Strike
1-2: Ball
2-2: Strikes out looking
Pitching: LHP Poto Boldrini
Batting: LHB Diego Alejandro Ureña 0-0: Ball
1-0: Swinging Strike
1-1: Foul Ball, location: 2F
1-2: Strikes out swinging
Bottom of the 4th over - 0 runs, 0 hits, 0 errors, 0 left on base; Columbia 0 - Mancelona 0
TOP OF THE 5TH
Columbia River Rats batting - Pitching for Mancelona Torch : RHP Lucas Gameiro
Batting: RHB Cleveland Kraut 0-0: Ball
1-0: Called Strike
1-1: Ball
2-1: Foul Ball, location: 2F
2-2: Foul Ball, location: 2F
2-2: DOUBLE (Line Drive, 9LS, EV 107.5 MPH)
Batting: RHB Pu-feng Zhou 0-0: Called Strike
0-1: Foul Ball, location: 2F
0-2: Strikes out swinging
Batting: SHB Dean Barthorpe 0-0: Called Strike
0-1: SINGLE (Groundball, 6MD, EV 105.6 MPH)
Cleveland Kraut to third
Runner from 3rd tries for Home, SAFE, throw by CF to home
Batting: SHB Christian Payne 0-0: Ball
1-0: Called Strike
1-1: Called Strike
1-2: Foul Ball, location: 2F
1-2: Fielders Choice at 2nd, 6-4 (Groundball, 6, EV 106.9 MPH)
Batting: LHB Ramón Fernández 0-0: Called Strike
0-1: Swinging Strike
0-2: Fielders Choice at 2nd, 5-4 (Groundball, 56, EV 85.0 MPH)
Top of the 5th over - 1 run, 2 hits, 0 errors, 1 left on base; Columbia 1 - Mancelona 0
BOTTOM OF THE 5TH
Mancelona Torch batting - Pitching for Columbia River Rats : LHP Poto Boldrini
Batting: SHB Silvio Capitanio 0-0: Ball
1-0: Swinging Strike
1-1: Called Strike
1-2: Ball
2-2: Strikes out swinging
Batting: RHB Juan Barrón 0-0: Ball
1-0: Foul Ball, location: 2F
1-1: Foul Ball, location: 2F
1-2: Ball
2-2: Foul Ball, location: 2F
2-2: Strikes out looking
Batting: RHB Joe Havermeyer 0-0: SINGLE (Line Drive, 4D, EV 95.0 MPH)
Batting: SHB César Enríques 0-0: Called Strike
0-1: Ball
1-1: Ground out 5-3 (Groundball, 25, EV 66.2 MPH)
Bottom of the 5th over - 0 runs, 1 hit, 0 errors, 1 left on base; Columbia 1 - Mancelona 0
TOP OF THE 6TH
Columbia River Rats batting - Pitching for Mancelona Torch : RHP Lucas Gameiro
Batting: LHB Ji-e Loh 0-0: Called Strike
0-1: Ball
1-1: Ball
2-1: Called Strike
2-2: Ball
3-2: Strikes out looking
Batting: RHB Tony Castellanos 0-0: Ground out 6-3 (Groundball, 6MS, EV 82.5 MPH)
Batting: RHB Cédric Causse 0-0: Ball
1-0: SINGLE (Flyball, 8RS, EV 99.4 MPH)
Batting: RHB José García 0-0: Called Strike
0-1: Swinging Strike
0-2: Strikes out looking
Top of the 6th over - 0 runs, 1 hit, 0 errors, 1 left on base; Columbia 1 - Mancelona 0
BOTTOM OF THE 6TH
Mancelona Torch batting - Pitching for Columbia River Rats : LHP Poto Boldrini
Batting: LHB Jared Schneider 0-0: Ball
1-0: Called Strike
1-1: SINGLE (Line Drive, 7LS, EV 109.4 MPH)
Batting: RHB Tristan Powell 0-0: Bunt missed!
0-1: Sac Bunt to 25 - play at first, batter OUT! 5-4
Jared Schneider to second
Batting: RHB Thinley Tshering 0-0: Fly out, F5 (Line Drive, 5, EV 73.1 MPH)
Batting: RHB Cam Lumsden 0-0: Ball
1-0: Called Strike
1-1: Ball
2-1: Called Strike
2-2: Strikes out swinging
Bottom of the 6th over - 0 runs, 1 hit, 0 errors, 1 left on base; Columbia 1 - Mancelona 0
TOP OF THE 7TH
Columbia River Rats batting - Pitching for Mancelona Torch : RHP Lucas Gameiro
Batting: RHB Cleveland Kraut 0-0: Foul Ball, location: 2F
0-1: Ball
1-1: Ball
2-1: SINGLE (Groundball, 6MD, EV 104.4 MPH)
Batting: RHB Pu-feng Zhou 0-0: Ball
1-0: SINGLE (Groundball, 4MD, EV 100.6 MPH)
Cleveland Kraut to second
Pinch Runner at 2nd Phillam Torralba:
Batting: SHB Dean Barthorpe 0-0: Ball
1-0: Foul Ball, location: 2F
1-1: Swinging Strike
1-2: Strikes out looking
Pitching: RHP Fernando Gonzáles
Batting: SHB Christian Payne 0-0: Foul Ball, location: 2F
0-1: Ball
1-1: SINGLE (Groundball, 4S, EV 68.1 MPH) (infield hit)
Phillam Torralba to third
Pu-feng Zhou to second
Batting: LHB Ramón Fernández 0-0: Ball
1-0: Swinging Strike
1-1: Ball
2-1: Swinging Strike
2-2: Strikes out swinging
Batting: LHB Ji-e Loh 0-0: Called Strike
0-1: Fly out, F5 (Popup, 25, EV 78.8 MPH)
Top of the 7th over - 0 runs, 3 hits, 0 errors, 3 left on base; Columbia 1 - Mancelona 0
BOTTOM OF THE 7TH
Mancelona Torch batting - Pitching for Columbia River Rats : LHP Poto Boldrini
Batting: LHB Diego Alejandro Ureña 0-0: Foul Ball, location: 2F
0-1: SINGLE (Line Drive, 34D, EV 102.5 MPH)
Pinch Hitting: RHB Enrique Flores 0-0: Foul Ball, location: 2F
0-1: Foul Ball, location: 2F
0-2: Ball
1-2: SINGLE (Flyball, 89S, EV 91.2 MPH)
Diego Alejandro Ureña to second
Runner from 2nd tries for 3rd, SAFE, throw by RF made to third
Pinch Hitting: RHB Aguostinho Antunes 0-0: Foul Ball, location: 2F
0-1: Foul Ball, location: 2F
0-2: Ball
1-2: SINGLE (Groundball, 56, EV 93.8 MPH)
Diego Alejandro Ureña scores
Enrique Flores to second
Batting: RHB Joe Havermeyer 0-0: Bunted foul
0-1: Bunt - Flyout to 23! F3
Batting: SHB César Enríques 0-0: Called Strike
0-1: Called Strike
0-2: Reached on error, E6 (Groundball, 6, EV 87.5 MPH)
Enrique Flores to third
Aguostinho Antunes to second
Batting: LHB Jared Schneider 0-0: Ball
1-0: Swinging Strike
1-1: Ball
2-1: Ball
3-1: Foul Ball, location: 2F
3-2: Base on Balls
Enrique Flores scores
Aguostinho Antunes to third
César Enríques to second
Pitching: RHP Hyosuke Matsui
Batting: RHB Tristan Powell 0-0: Called Strike
0-1: Ball
1-1: Fly out, F9 (Flyball, 9S, EV 85.0 MPH)
Batting: RHB Thinley Tshering 0-0: Ball
1-0: Fly out, F9 (Flyball, 89M, EV 83.8 MPH)
Bottom of the 7th over - 2 runs, 3 hits, 1 error, 3 left on base; Columbia 1 - Mancelona 2
TOP OF THE 8TH
Columbia River Rats batting - Pitching for Mancelona Torch : RHP Fernando Gonzáles
Now in CF: Mike Stevens
Now in RF: Brooks Crummey
Batting: RHB Tony Castellanos 0-0: Ball
1-0: Fly out, F8 (Line Drive, 8RD, EV 95.6 MPH)
Batting: RHB Cédric Causse 0-0: Ball
1-0: Called Strike
1-1: Ground out 6-3 (Groundball, 6, EV 100.6 MPH)
Batting: RHB José García 0-0: Ball
1-0: Called Strike
1-1: Ball
2-1: Swinging Strike
2-2: Ball
3-2: Fly out, F7 (Flyball, 7LMF, EV 107.5 MPH)
Top of the 8th over - 0 runs, 0 hits, 0 errors, 0 left on base; Columbia 1 - Mancelona 2
BOTTOM OF THE 8TH
Mancelona Torch batting - Pitching for Columbia River Rats : RHP Hyosuke Matsui
Batting: RHB Cam Lumsden 0-0: Ball
1-0: SINGLE (Flyball, 9S, EV 94.4 MPH)
Batting: LHB Diego Alejandro Ureña 0-0: Ball
1-0: Ball
2-0: Fielders Choice at 2nd, 3-6 (Groundball, 3, EV 88.1 MPH)
Batting: RHB Brooks Crummey 0-0: Called Strike
0-1: Called Strike
0-2: Ball
1-2: Ball
2-2: Strikes out swinging
Batting: LHB Mike Stevens 0-0: Ball
1-0: Foul Ball, location: 2F
1-1: Ball
2-1: Ground out 4-3 (Groundball, 4M, EV 89.4 MPH)
Bottom of the 8th over - 0 runs, 1 hit, 0 errors, 1 left on base; Columbia 1 - Mancelona 2
TOP OF THE 9TH
Columbia River Rats batting - Pitching for Mancelona Torch : RHP Fernando Gonzáles
Pitching: LHP Norberto Huerta
Now at 3B: Ángel Castro
Batting: LHB Phillam Torralba 0-0: Fly out, F4 (Popup, 34S, EV 76.2 MPH)
Batting: RHB Pu-feng Zhou 0-0: Called Strike
0-1: Foul Ball, location: 2F
0-2: Strikes out swinging
Batting: SHB Dean Barthorpe 0-0: Ball
1-0: SINGLE (Line Drive, 89D, EV 103.1 MPH)
Batting: SHB Christian Payne 0-0: Ball
1-0: Swinging Strike
1-1: Ball
2-1: Called Strike
2-2: Ball
3-2: SINGLE (Groundball, 4S, EV 66.9 MPH) (infield hit)
Dean Barthorpe to second
Pinch Runner at 2nd Min-ho Yun:
Pinch Hitting: LHB Frank Morris 0-0: Ball
1-0: Foul Ball, location: 2F
1-1: Foul Ball, location: 2F
1-2: Foul Ball, location: 2F
1-2: Ball
2-2: Ball
3-2: Strikes out swinging
Top of the 9th over - 0 runs, 2 hits, 0 errors, 2 left on base; Columbia 1 - Mancelona 2
Friday, April 17th, 2020 - OOTP Baseball 20.8 Build 74